 Dungeon Crawl Stone Soup version 0.29.1-2-gbd0b4ee654 (webtiles) character file.

Game seed: 4273945684210228235

68 hawla the Grave Robber (level 4, -1/24 HPs)
             Began as a Deep Elf Necromancer on Nov 22, 2022.
             Slain by a goblin
             ... wielding a +0 club
             ... led by Robin
              (6 damage)
             ... on level 2 of the Dungeon.
             The game lasted 00:04:30 (2157 turns).

hawla the Grave Robber (Deep Elf Necromancer)       Turns: 2157, Time: 00:04:31

Health: -1/24      AC:  2    Str:  5    XL:     4   Next: 1%
Magic:  9/12       EV: 12    Int: 22    God:
Gold:   101        SH:  0    Dex: 15    Spells: 7/11 levels left

rFire   . . .      SeeInvis .   (no weapon)
rCold   . . .      Faith    .   (no shield)
rNeg    . . .      Spirit   .   a - +0 robe
rPois   .          Reflect  .   (no helmet)
rElec   .          Harm     .   (no cloak)
rCorr   .          Rampage  .   (no gloves)
Will    .....                   (no boots)
Stlth   ++........              (no amulet)
HPRegen 0.08/turn               (no ring)
MPRegen 0.13/turn               (no ring)

@: no status effects
A: no striking features
a: no special abilities


You were on level 2 of the Dungeon.
You visited 1 branch of the dungeon, and saw 2 of its levels.

You collected 101 gold pieces.

Inventory:

Missiles
 c - 3 throwing nets
Armour
 a - a +0 robe (worn)
Scrolls
 e - a scroll of summoning {unknown}
 h - a scroll of identify {unknown}
 l - a scroll of torment {unknown}
 m - a scroll of fog {unknown}
Potions
 b - a potion of magic
 d - a potion of haste {unknown}
 f - a potion of brilliance {unknown}
 g - a potion of attraction {unknown}
 i - a potion of flight {unknown}
 j - a potion of invisibility {unknown}


   Skills:
 + Level 2.4 Dodging
 - Level 2.4 Stealth
 + Level 4.3 Spellcasting
 + Level 6.1 Necromancy


You had 7 spell levels left.
You knew the following spells:

 Your Spells              Type           Power      Damage    Failure   Level
a - Necrotise             Necr           100%       1d9       1%          1
b - Vampiric Draining     Necr           31%        2d8       2%          3

Your spell library contained the following spells:

 Spells                   Type           Power      Damage    Failure   Level
 Animate Dead             Necr           31%        N/A       9%          4
 Ensorcelled Hibernation  Hex/Ice        8%         N/A       17%         2
 Passwall                 Tmut/Erth      3%         N/A       17%         2
 Agony                    Necr           31%        N/A       24%         5
 Ignite Poison            Fire/Tmut/Pois 4%         N/A       32%         3
 Inner Flame              Hex/Fire       4%         N/A       32%         3
 Swiftness                Air            4%         N/A       32%         3


Dungeon Overview and Level Annotations

Branches:
Dungeon (2/15)

Altars:

Shops:
D:1 (

Annotations:
D:2 Robin


Message History

The hobgoblin hits your goblin skeleton.
Casting: Necrotise (safe; 1% risk of failure)
Confirm with . or Enter, or press ? or * to list all spells.
Aiming: Necrotise (safe; 1% risk of failure)
Press: ? - help, Shift-Dir - straight line, f - goblin
Aim: a goblin, wielding a +0 club (chance to affect: 93%)
The goblin writhes in agony.
You kill the goblin!
Your goblin skeleton hits the hobgoblin but does no damage.
The hobgoblin hits your goblin skeleton.
Your goblin skeleton is destroyed!
The hobgoblin shouts!
You have reached level 4!
You feel clever.
You hear a shout! x3
Robin roars a battlecry!
The goblins go into a battle-frenzy!
A hobgoblin comes into view.
Robin roars a battlecry!
A goblin comes into view.
It is wielding a +2 dagger of protection.
A hobgoblin comes into view.
Robin throws the goblin at you! The goblin attacks as you move away!
The goblin hits you with a +0 club.
There is an open door here.
As you read the scroll labelled NAETOF HUXOFRI, it crumbles to dust.
You feel aware of your surroundings.
It was a scroll of magic mapping.
The goblin closely misses you. The goblin attacks as you move away!
The goblin hits you with a +0 club. The goblin attacks as you move away!
The goblin hits you with a +0 club.
Found a thick smoking staff.
The hobgoblin no longer looks unusually strong.
There is an open door here.
The goblin attacks as you move away! The goblin hits you with a +0 dagger.
* * * LOW HITPOINT WARNING * * *
The goblin attacks as you move away! The goblin closely misses you.
Found a glowing amethyst potion.
The goblin attacks as you move away! The goblin hits you with a +0 club.
* * * LOW HITPOINT WARNING * * *
The goblin attacks as you move away! The goblin hits you with a +0 club.
You die...

##.#.#.# *,* #.# #..## ##.#.#.#
*,* #.####..# ##.#.#.# *,*
#.......# ..#..#.# #,* #######'##
##.###.# #.##* ##...## # ##.###.#
*...#* ##.....## # .......#
**#..#* ##.......## #
...#####*####...####.........####
........,......|@gg'.........'...
...#####*####...####g........####
.#.#### **#..#* ##.......## #
......# *!..#* ##gg...## #
......# #...* ##...## # ......#
#..,* ##g## # ......# ##,** #.#
......# *,* ##.####### ......#
*,* ######........#


You could see a hobgoblin and 2 goblins.

Vanquished Creatures
  3 adders (D:2)
  A worm (D:2)
  3 dart slugs (D:1)
  3 hobgoblins
  2 quokkas (D:1)
  6 ball pythons
  3 bats
  A frilled lizard (D:1)
  6 goblins
  3 kobolds
  4 rats (D:1)
35 creatures vanquished.

Notes
Turn   | Place    | Note
-------+----------+-------------------------------------------
     0 | D:1      | hawla the Deep Elf Necromancer began the quest for the Orb.
     0 | D:1      | Reached XP level 1. HP: 10/10 MP: 6/6
    35 | D:1      | Reached skill level 5 in Necromancy
    94 | D:1      | Got the Essays on Toxic Enchantment
   148 | D:1      | Found Sakir's Weapon Shop.
   460 | D:1      | Reached XP level 2. HP: 15/15 MP: 6/8
  1147 | D:2      | Reached XP level 3. HP: 19/19 MP: 7/10
  1340 | D:2      | Found a faded altar of an unknown god.
  1351 | D:2      | Reached skill level 6 in Necromancy
  1653 | D:2      | Learned a level 3 spell: Vampiric Draining
  2131 | D:2      | Noticed Robin
  2141 | D:2      | Reached XP level 4. HP: 21/24 MP: 7/12
  2157 | D:2      | Slain by a goblin

Illustrated notes

Levels and vault maps discovered:
D:1:      lightli_arrival_quake, layout_loops_ring, serial_shops,
          nicolae_shop_bloodbath_and_beyond, amethyst_killhole, minmay_quantized
D:2:      layout_loops_corners, shapermc_ecumenical_altar_starsandcircs,
          grunt_decor_fettered, uniq_robin

Skill      XL: |  1  2  3 |
---------------+----------+-----
Necromancy     | 5 6 |  6.1
Spellcasting   | 4 |  4.3
Dodging        | |  2.4
Stealth        | |  2.4

Action                   |  1- 3 |  4- 6 || total
-------------------------+-------+-------++-------
Melee: Unarmed           |    17 |       ||    17
 Cast: Necrotise         |    70 |       ||    70
  Use: Scroll            |       |     1 ||     1
 Stab: Sleeping          |     1 |       ||     1
Armor: Robe              |     6 |       ||     6
Dodge: Dodged            |    22 |     2 ||    24
